 Dungeon Crawl Stone Soup version 0.30-a0-738-g116ff8c4af (webtiles) character file.

Game seed: 448336866294193578

2 cforsyth the Caller (level 1, -2/10 HPs)
             Began as a Tengu Summoner on Feb 3, 2023.
             Slain by a quokka (4 damage)
             ... on level 1 of the Dungeon.
             The game lasted 00:00:25 (115 turns).

cforsyth the Caller (Tengu Summoner)                 Turns: 115, Time: 00:00:25

Health: -2/10      AC:  2    Str:  8    XL:     1   Next: 40%
Magic:  2/4        EV: 12    Int: 15    God:
Gold:   0          SH:  0    Dex: 14    Spells: 3/4 levels left

rFire   . . .      SeeInvis .    (no weapon)
rCold   . . .      Faith    .    (no shield)
rNeg    . . .      Spirit   .    a - +0 robe
rPois   .          Reflect  .    (helmet restricted)
rElec   .          Harm     .    (no cloak)
rCorr   .          Rampage  .    (no gloves)
Will    .....                    (boots unavailable)
Stlth   ++                       (no amulet)
HPRegen 0.21/turn                (no ring)
MPRegen 0.09/turn                (no ring)

@: no status effects
A: beak, talons 3
a: no special abilities


You were on level 1 of the Dungeon.
You visited 1 branch of the dungeon, and saw 1 of its levels.

Inventory:

Armour
 a - a +0 robe (worn)
Scrolls
 c - a scroll of enchant weapon {unknown}
 d - a scroll of immolation {unknown}
 e - a scroll of identify {unknown}
Potions
 b - a potion of magic


   Skills:
 - Level 2.1 Dodging
 - Level 2.0 Stealth
 + Level 2.1 Spellcasting
 + Level 4.9 Summonings


You had 3 spell levels left.
You knew the following spells:

 Your Spells              Type           Power      Damage    Failure   Level
a - Summon Small Mammal   Summ           64%        N/A       3%          1

Your spell library contained the following spells:

 Spells                   Type           Power      Damage    Failure   Level
 Call Imp                 Summ           16%        N/A       4%          2
 Call Canine Familiar     Summ           16%        N/A       9%          3
 Summon Guardian Golem    Hex/Summ       8%         N/A       24%         3
 Summon Lightning Spire   Summ/Air       8%         N/A       63%         4


Dungeon Overview and Level Annotations

Branches:
Dungeon (1/15)

Altars:


Innate Abilities, Weirdness & Mutations

You have a beak for a mouth.
You have claws for feet.


Message History

e - a scroll labelled ECEUSO UCKING A quokka and a goblin come into view.
There are monsters nearby!
There are monsters nearby!
The goblin shouts!
Your bat hits the goblin. Your bat misses the goblin.
Your bat barely misses the goblin.
Your bat hits the goblin. The quokka bites your rat.
Your rat dies!
Your rat's corpse disappears in a puff of smoke!
Your bat barely misses the goblin.
The quokka closely misses you.
Your bat closely misses the goblin.
The goblin closely misses you.
Your bat barely misses the goblin.
The quokka closely misses you. The goblin hits you with a +0 club.
You swap places.
Your quokka closely misses the quokka.
Your bat closely misses the goblin.
The goblin misses your quokka.
Your quokka bites the quokka.
The goblin closely misses your quokka. The quokka closely misses you.
Your quokka barely misses the quokka.
The goblin misses your quokka. The quokka attacks as you move away!
The quokka bites you. The quokka attacks as you move away!
The quokka barely misses you.
Your bat barely misses the quokka.
Your bat hits the quokka but does no damage.
The quokka attacks as you move away! The quokka bites you.
* * * LOW HITPOINT WARNING * * *
The goblin closely misses your quokka. The quokka attacks as you move away!
The quokka barely misses you.
Your bat hits the quokka but does no damage.
Your bat closely misses the quokka.
The quokka completely misses you.
Your bat misses the quokka. Your bat misses the quokka.
The quokka attacks as you move away!
The quokka bites you but does no damage.
Your bat misses the quokka. The quokka attacks as you move away!
The quokka bites you.
* * * LOW HITPOINT WARNING * * *
Your bat closely misses the quokka.
The quokka bites you.
You die...

##.#.#
#.#+#.....
#<.'.# #.......#
##.#.# #.......#
#.#.###.......#.
#.#..##.........
#.##..........#
#.+...........#
####..........##
#.###@......#
#.# #r.......
#.###.###+###
#...br#.....#
######..#.....#
#......g#.....#
######........#
##.#.....#
#.#.....#


You could see a quokka (ally target), a goblin, a friendly quokka (summoned) and
a friendly bat (summoned).

Vanquished Creatures (collateral kills)
  An endoplasm (D:1)
  2 frilled lizards (D:1)
3 creatures vanquished.

Notes
Turn   | Place    | Note
-------+----------+-------------------------------------------
     0 | D:1      | cforsyth the Tengu Summoner began the quest for the Orb.
     0 | D:1      | Reached XP level 1. HP: 10/10 MP: 4/4
   115 | D:1      | Slain by a quokka

Illustrated notes

Levels and vault maps discovered:
D:1:      minmay_arrival_three_doors, layout_basic, nrook_uturn

Action                     || total
---------------------------++-------
   Cast: Summon Small Mamm ||     7
 Armour: Robe              ||     1
  Dodge: Dodged            ||     7

Table legend: (Time is in decaauts)
 A = Elapsed time spent in this place.
 B = Non-inter-level travel time spent in this place.
 C = Inter-level travel time spent in this place.
 D = Time resting spent in this place.
 E = Time spent auto-exploring this place.
 F = Levels seen in this place.
 G = Mean time per level.
                   A        B        C        D        E       F      G
               +--------+--------+--------+--------+--------+-----+--------+
         Total |    115 |    115 |      0 |      0 |     71 |   1 |  115.0 |
       Dungeon |    115 |    115 |      0 |      0 |     71 |   1 |  115.0 |
               +--------+--------+--------+--------+--------+-----+--------+

Top non-repeatable levels by time:
     D:1: 115 daAuts
